 Dungeon Crawl Stone Soup version 0.18.1-48-g4cf74bf (webtiles) character file.

104689 rjaguar3 the Bludgeoner (level 15, -12/150 HPs)
             Began as a Minotaur Berserker on June 29, 2016.
             Was a High Priest of Trog.
             Killed from afar by a spriggan druid (24 damage)
             ... with a stone arrow
             ... on level 3 of the Swamp on June 30, 2016.
             The game lasted 01:55:41 (20920 turns).

rjaguar3 the Bludgeoner (Minotaur Berserker)       Turns: 20920, Time: 01:55:42

Health: -12/150    AC:  6    Str: 23    XL:     15   Next: 92%
Magic:  14/14      EV: 23    Int:  6    God:    Trog [*****.]
Gold:   1956       SH:  3    Dex: 15    Spells: 0 memorised, 14 levels left

rFire  . . .     SeeInvis +     A - +6 flail (holy)
rCold  . . .     Gourm    .     C - +2 robe of vines {NoDeviceHeal Regen+7}
rNeg   . . .     Faith    .     (no shield)
rPois  +         Spirit   .     (helmet restricted)
rElec  .         Dismiss  .     b - +1 cloak {rPois}
rCorr  .         Reflect  +     (no gloves)
SustAt .         Harm     .     (no boots)
MR     ++++.                    M - +3 amulet of reflection
Stlth  +++.......               t - ring of the Final Decision {+Fly rPois Int+2 SInv}
                                d - ring of protection from magic

@: exhausted, regenerating, slowed, very slow, incredibly resistant to hostile
enchantments, fairly stealthy
A: retaliatory headbutt, horns 2
a: Berserk, Trog's Hand, Brothers in Arms, Burn Spellbooks, Renounce Religion,
Evoke Flight


You were on level 3 of the Swamp.
You worshipped Trog.
Trog was extremely pleased with you.
You were not hungry.

You visited 3 branches of the dungeon, and saw 19 of its levels.
You also visited: Ice Cave.

You collected 1956 gold pieces.

Inventory:

Hand Weapons
 e - a +2 flail of protection
 i - the +5 lajatang of Battle {antimagic, Str+8}
   (Trog gifted it to you on level 2 of the Lair of Beasts)

   It disrupts the flow of magical energy around spellcasters and certain
   magical creatures (including the wielder).
   It affects your strength (+8).
 A - a +6 flail of holy wrath (weapon)
 I - a +3 longbow of freezing
Missiles
 m - 16 tomahawks (quivered)
 E - 5 poisoned tomahawks
 T - 81 arrows
Armour
 b - a +1 cloak of poison resistance (worn)
 C - the +2 robe of vines (worn) {NoDeviceHeal Regen+7}
   (You found it on level 5 of the Dungeon)

   It increases your rate of regeneration.
Jewellery
 d - a ring of protection from magic (left hand)
 t - the ring of the Final Decision (right hand) {+Fly rPois Int+2 SInv}
   (You found it in an ice cave)

   [ring of intelligence]

   It affects your intelligence (+2).
   It protects you from poison.
   It lets you see invisible.
   It lets you fly.
 z - a +4 ring of dexterity
 F - a +1 ring of slaying
 G - an uncursed ring of positive energy
 K - an uncursed ring of protection from cold
 M - a +3 amulet of reflection (around neck)
 N - an uncursed ring of fire {unknown}
 S - an uncursed ring of magical power
Wands
 a - a wand of iceblast (13/15)
 w - a wand of enslavement (18/24)
 y - a wand of lightning (15/15)
 D - a wand of flame (23/48)
 H - a wand of lightning (7/15)
 Q - a wand of random effects (24/48)
 V - a wand of enslavement (13/24)
Scrolls
 k - 4 scrolls of identify
 l - a scroll of blinking
 n - 10 scrolls of teleportation
 p - a scroll of fear
 x - a scroll of acquirement {unknown}
 L - a scroll of vulnerability {unknown}
 O - 5 scrolls of remove curse
 R - 3 scrolls of magic mapping
 U - a scroll of fog {unknown}
 W - a scroll of silence {unknown}
 X - a scroll of holy word {unknown}
 Y - a scroll of enchant weapon {unknown}
 Z - 3 scrolls of recharging
Potions
 o - 2 potions of haste
 s - 2 potions of agility
 u - 3 potions of flight
 v - a potion of might
 J - 8 potions of curing
Books
 q - a book of Callings

   Spells                             Type                      Level
   a - Summon Small Mammal            Summoning                    1
   b - Call Imp                       Summoning                    2
   c - Call Canine Familiar           Summoning                    3
   d - Summon Guardian Golem          Hexes/Summoning              3
   e - Summon Lightning Spire         Summoning/Air                4
   f - Summon Ice Beast               Ice/Summoning                4
   Trog disapproves of the use of such an item.
 B - the Compendium of Necromancy and Execration
   (You found it on level 6 of the Dungeon)

   Spells                             Type                      Level
   a - Pain                           Necromancy                   1
   b - Gell's Gravitas                Hexes/Translocation          3
   c - Cigotuvi's Embrace             Necromancy                   5
   d - Dispel Undead                  Necromancy                   5
   e - Darkness                       Hexes                        6
   Trog disapproves of the use of such an item.
Comestibles
 c - 11 bread rations
 f - 5 royal jellies
 g - 10 meat rations
 h - 14 fruits
 j - 12 slices of pizza
 r - 5 beef jerkies


   Skills:
 * Level 18.4 Fighting
   Level 1.2(1.5) Short Blades
   Level 1.4(1.8) Long Blades
 * Level 18.9(19.0) Maces & Flails
 + Level 3.4(13.2) Staves
 + Level 3.1 Bows
 + Level 4.2 Throwing
 + Level 2.7 Armour
 + Level 15.6 Dodging
 + Level 5.4 Stealth
 + Level 0.3 Evocations


You had 14 spell levels left.
You didn't know any spells.

Dungeon Overview and Level Annotations

Branches:
Dungeon (8/15)             Temple (0/1) D:4            Lair (8/8) D:8
  Swamp (3/4) Lair:5       Spider (0/4) Lair:6        Slime (0/6) Lair:8

Altars:
Cheibriados
Dithmenos
Elyvilon
Makhleb
Nemelex Xobeh
Okawaru
Pakellas
Ru
Sif Muna
Trog
Vehumet
Xom
Yredelemnul
Zin
Jiyva

Shops:
D:8 [

Annotations:
D:6 Sigmund


Innate Abilities, Weirdness & Mutations

You reflexively headbutt those who attack you in melee.
You have a pair of horns on your head.


Message History

You are hit by a branch!
The spriggan druid hits you with a quarterstaff!
You hit the spriggan druid.
The spriggan druid is moderately wounded.
A tree reaches out and hits you!
The spriggan druid completely misses you.
You bludgeon the spriggan druid!!
Your headbutt misses the spriggan druid.
The spriggan druid is severely wounded.
Trunks creak and shift.
A tree reaches out and hits you!
* * * LOW HITPOINT WARNING * * *
The spriggan druid completely misses you.
A tree reaches out and hits you!
* * * LOW HITPOINT WARNING * * *
You are hit by a branch!
* * * LOW HITPOINT WARNING * * *
The spriggan druid casts a spell at you.
The stone arrow hits you!
You die...

♣ ♣♣♣♣ .y. ♣♣♣♣♣≈≈♣♣♣♣♣♣
≈≈≈.♣♣♣♣♣i@..≈≈....≈♣♣♣
y≈≈....≈.≈≈†.≈≈≈≈≈≈≈..♣♣
≈♣♣≈≈≈.≈≈≈≈♣.≈≈≈≈≈≈≈≈≈♣
♣♣...♣♣♣♣♣♣♣..≈≈≈≈≈.♣
♣≈..♣♣ ♣≈≈.§≈≈≈≈>♣ ♣.≈(
♣.≈≈...≈≈..♣ ♣!.≈≈
♣...≈..≈≈.♣♣ .≈.≈≈≈
♣♣≈♣...≈≈.♣♣♣♣♣ ...≈≈≈≈
♣♣♣≈≈≈≈≈≈≈...≈


You could see a spriggan druid.

Vanquished Creatures
  Frances (Swamp:1)
  4 thorn hunters
  Maud (Lair:6)
  Aizul (Swamp:1)
  Louise (Swamp:1)
  The ghost of grulito the Warrior, a journeyman MiFi (Lair:6)
  2 fire dragons (Lair:8)
  15 hydras
  6 alligators
  3 death yaks (IceCv)
  10 swamp dragons
  A lindwurm (Lair:8)
  A hornet (Swamp:2)
  2 griffons
  35 elephants
  4 black mambas
  Joseph (D:7)
  22 spiny frogs
  6 torpor snails (Lair:8)
  16 komodo dragons
  8 rime drakes
  Grinder (D:4)
  4 giant leeches
  12 polar bears
  A boulder beetle (Lair:6)
  27 blink frogs
  4 bog bodies
  4 slime creatures (Swamp:3)
  46 yaks
  A shadow (Swamp:2)
  A tarantella (Lair:6)
  6 spriggans
  A human (D:7)
  9 basilisks
  A wyvern (Lair:6)
  7 hippogriffs
  Eustachio (D:6)
  3 steam dragons (Lair:8)
  9 vampire mosquitoes
  3 insubstantial wisps (Swamp:3)
  Menkaure (D:7)
  2 wargs (D:8)
  15 swamp worms
  14 water moccasins
  13 porcupines
  10 swamp drakes
  4 black bears (Lair:2)
  2 orc warriors
  A necrophage (D:8)
  8 wasps
  2 phantoms (D:5)
  An ogre (D:8)
  15 wolves
  2 centaurs (D:8)
  19 crocodiles
  2 big kobolds
  10 giant frogs
  2 scorpions (D:5)
  4 wights (D:7)
  12 killer bees
  A howler monkey (D:8)
  An electric eel (Lair:5)
  2 crimson imps
  Crazy Yiuf (D:5)
  4 hounds
  2 jellies (D:5)
  An orc priest (D:8)
  2 giant frog skeletons
  12 iguanas
  Jessica (D:5)
  2 centaur skeletons
  7 orc wizards
  7 worker ants
  29 sheep
  A hound skeleton (D:7)
  74 river rats
  8 adders
  2 shadow imps (D:8)
  4 oozes
  18 worms
  A dart slug (D:1)
  4 giant geckos
  17 orcs
  9 bats
  A bat zombie (D:1)
  5 giant cockroaches
  2 gnoll zombies (D:5)
  5 goblins
  7 hobgoblins
  7 jackals (D:5)
  6 quokkas
  A ball python (D:3)
  A giant gecko zombie (D:1)
  4 giant newts
  13 kobolds
  40 rats
  4 plants (Lair:3)
727 creatures vanquished.

Vanquished Creatures (collateral kills)
  Kirke (Lair:8)
  Donald (Swamp:2)
  A frost giant (IceCv)
  The ghost of Malvoorn the Spear-Bearer, a journeyman DrSk of Kikubaaqudgha (Lair:6)
  2 hydras (Swamp:1)
  A komodo dragon (Lair:6)
  2 polar bears (IceCv)
  3 yaks (IceCv)
  2 crocodiles (Lair:8)
14 creatures vanquished.

Vanquished Creatures (others)
  2 blink frogs (Lair:8)
  6 humans (Lair:8)
  A wolf (IceCv)
  2 worms (Lair:8)
  58 fungi
  44 plants
113 creatures vanquished.

Grand Total: 854 creatures vanquished

Notes
Turn   | Place    | Note
--------------------------------------------------------------
     0 | D:1      | rjaguar3 the Minotaur Berserker began the quest for the Orb.
     0 | D:1      | Reached XP level 1. HP: 19/19 MP: 0/0
   110 | D:1      | Reached XP level 2. HP: 27/27 MP: 1/1
   509 | D:1      | Reached XP level 3. HP: 33/33 MP: 2/2
  1363 | D:2      | Reached ** piety under Trog
  1386 | D:2      | Reached XP level 4. HP: 40/41 MP: 3/3
  1710 | D:2      | Reached *** piety under Trog
  2058 | D:3      | Reached skill level 1 in Stealth
  2299 | D:3      | Reached XP level 5. HP: 43/47 MP: 4/4
  2320 | D:4      | Reached skill level 5 in Maces & Flails
  2384 | D:4      | Noticed Grinder
  2392 | D:4      | Killed Grinder
  2392 | D:4      | Reached skill level 5 in Fighting
  2392 | D:4      | Reached XP level 6. HP: 56/56 MP: 5/5
  2541 | D:4      | You fall through a shaft for 3 floors!
  2639 | D:6      | Identified the Compendium of Necromancy and Execration
  2779 | D:6      | Found a deep blue altar of Sif Muna.
  2912 | D:5      | Entered Level 5 of the Dungeon
  3109 | D:5      | Found a basalt altar of Yredelemnul.
  3348 | D:5      | Reached XP level 7. HP: 61/62 MP: 6/6
  3358 | D:5      | Found a sparkling altar of Nemelex Xobeh.
  3358 | D:5      | Noticed Jessica
  3364 | D:5      | Killed Jessica
  3439 | D:5      | Reached skill level 5 in Dodging
  3570 | D:5      | Noticed Crazy Yiuf
  3574 | D:5      | Killed Crazy Yiuf
  3698 | D:5      | Found a glowing silver altar of Zin.
  3823 | D:5      | Found a burning altar of Makhleb.
  3830 | D:5      | Found an iron altar of Okawaru.
  3835 | D:5      | Found a sacrificial altar of Ru.
  3852 | D:5      | Found a shimmering altar of Xom.
  3857 | D:5      | Found a radiant altar of Vehumet.
  3864 | D:5      | Found a shadowy altar of Dithmenos.
  3869 | D:5      | Found an oddly glowing altar of Pakellas.
  4097 | D:5      | Reached **** piety under Trog
  4134 | D:5      | Reached XP level 8. HP: 70/71 MP: 7/7
  4619 | D:4      | Found a staircase to the Ecumenical Temple.
  4978 | D:6      | Found a snail-covered altar of Cheibriados.
  4978 | D:6      | Found a white marble altar of Elyvilon.
  4979 | D:6      | Found a sparkling altar of Nemelex Xobeh.
  5106 | D:6      | Noticed Eustachio
  5116 | D:6      | Killed Eustachio
  5116 | D:6      | Reached skill level 1 in Long Blades
  5255 | D:6      | Noticed Sigmund
  5279 | D:7      | Reached skill level 1 in Throwing
  5422 | D:7      | Reached XP level 9. HP: 67/81 MP: 8/8
  5441 | D:7      | Reached skill level 1 in Short Blades
  5660 | D:7      | Noticed Joseph
  5670 | D:7      | Killed Joseph
  5732 | D:7      | Noticed Menkaure
  5759 | D:7      | Killed Menkaure
  5929 | D:8      | Received a gift from Trog
  6089 | D:8      | Reached ***** piety under Trog
  6478 | D:8      | Reached XP level 10. HP: 91/91 MP: 9/9
  6499 | D:8      | Found a bloodstained altar of Trog.
  6510 | D:8      | Found Fihito's Armour Boutique.
  6587 | D:8      | Found a staircase to the Lair.
  6608 | D:8      | Reached skill level 10 in Fighting
  6992 | Lair:1   | Entered Level 1 of the Lair of Beasts
  7088 | Lair:1   | Noticed an elephant
  7099 | Lair:1   | Noticed an elephant
  7121 | Lair:1   | Killed an elephant
  7121 | Lair:1   | Reached skill level 10 in Maces & Flails
  7357 | Lair:1   | Noticed an elephant
  7386 | Lair:1   | Noticed an elephant
  7386 | Lair:1   | Noticed an elephant
  7392 | Lair:1   | Noticed an elephant
  7402 | Lair:1   | Killed an elephant
  7405 | Lair:1   | Killed an elephant
  7405 | Lair:1   | Received a gift from Trog
  7405 | Lair:1   | Reached skill level 10 in Dodging
  7412 | Lair:1   | Killed an elephant
  7485 | Lair:1   | Noticed an elephant
  7485 | Lair:1   | Noticed an elephant
  7497 | Lair:1   | Noticed a spiny frog
  7507 | Lair:1   | Killed a spiny frog
  7778 | Lair:1   | Killed an elephant
  7952 | Lair:1   | Noticed an elephant
  7957 | Lair:1   | Killed an elephant
  7957 | Lair:1   | Reached XP level 11. HP: 102/102 MP: 3/10
  9211 | Lair:2   | Received a gift from Trog
  9261 | Lair:2   | Found a frozen archway.
  9279 | IceCv    | Entered an ice cave
  9410 | IceCv    | Reached XP level 12. HP: 113/113 MP: 3/11
  9460 | IceCv    | Noticed a death yak
  9463 | IceCv    | Noticed a death yak
  9466 | IceCv    | Killed a death yak
  9473 | IceCv    | Killed a death yak
  9754 | IceCv    | Noticed a death yak
  9754 | IceCv    | Noticed a frost giant
  9763 | IceCv    | Killed a frost giant
  9768 | IceCv    | Killed a death yak
  9814 | IceCv    | Got a glittering silver ring
  9867 | Lair:2   | Identified the ring of the Final Decision {+Fly rPois Int+2 SInv} (You found it in an ice cave)
  9986 | Lair:2   | Noticed a seven-headed hydra
  9992 | Lair:2   | Killed a seven-headed hydra
 10228 | Lair:2   | Received a gift from Trog
 10245 | Lair:2   | Noticed a four-headed hydra
 10606 | Lair:2   | Received a gift from Trog
 10640 | Lair:2   | Got an ancient lajatang {god gift}
 10641 | Lair:2   | Identified the +5 lajatang of Battle {antimagic, Str+8} (Trog gifted it to you on level 2 of the Lair of Beasts)
 10903 | Lair:2   | Killed a four-headed hydra
 10903 | Lair:2   | Reached skill level 15 in Maces & Flails
 11035 | Lair:3   | Reached XP level 13. HP: 123/123 MP: 4/12
 11751 | Lair:3   | Reached skill level 1 in Staves
 12134 | Lair:4   | Reached skill level 15 in Fighting
 13208 | Lair:5   | Reached ****** piety under Trog
 13362 | Lair:5   | Reached skill level 5 in Stealth
 13801 | Lair:5   | Found a staircase to the Swamp.
 14101 | Lair:6   | Found a hole to the Spider Nest.
 14335 | Lair:6   | Noticed Malvoorn's ghost (journeyman DrSk)
 14531 | Lair:6   | Killed Malvoorn's ghost
 14601 | Lair:6   | Noticed grulito's ghost (journeyman MiFi)
 14636 | Lair:6   | Killed grulito's ghost
 14842 | Lair:6   | Noticed Maud
 14848 | Lair:6   | Killed Maud
 15650 | Lair:7   | Reached XP level 14. HP: 121/136 MP: 13/13
 15967 | Lair:7   | Received a gift from Trog
 16447 | Lair:8   | Entered Level 8 of the Lair of Beasts
 16459 | Lair:8   | Received a gift from Trog
 17203 | Lair:8   | Noticed Kirke
 17211 | Lair:8   | Killed Kirke
 17328 | Lair:8   | Found a viscous altar of Jiyva.
 17331 | Lair:8   | Found a staircase to the Slime Pits.
 17589 | Lair:8   | Found a runed door.
 17708 | Lair:8   | Received a gift from Trog
 18237 | Swamp:1  | Entered Level 1 of the Swamp
 18370 | Swamp:1  | Noticed Louise
 18395 | Swamp:1  | Killed Louise
 18480 | Swamp:1  | Reached skill level 1 in Bows
 18480 | Swamp:1  | Reached XP level 15. HP: 87/147 MP: 14/14
 18667 | Swamp:1  | Noticed Frances
 18676 | Swamp:1  | Killed Frances
 19086 | Swamp:1  | Noticed Aizul
 19099 | Swamp:1  | Killed Aizul
 19350 | Swamp:1  | Noticed a thorn hunter
 19362 | Swamp:1  | Killed a thorn hunter
 19362 | Swamp:1  | Reached skill level 15 in Dodging
 19384 | Swamp:2  | Noticed Donald
 19576 | Swamp:2  | Killed Donald
 19802 | Swamp:2  | Noticed a thorn hunter
 19817 | Swamp:2  | Killed a thorn hunter
 20046 | Swamp:2  | Found a shimmering altar of Xom.
 20489 | Swamp:3  | Noticed a thorn hunter
 20489 | Swamp:3  | Noticed a thorn hunter
 20504 | Swamp:3  | Killed a thorn hunter
 20513 | Swamp:3  | Killed a thorn hunter
 20920 | Swamp:3  | Killed from afar by a spriggan druid

Skill      XL: |  1  2  3  4  5  6  7  8  9 10 11 12 13 14 15 |
---------------+----------------------------------------------+-----
Maces & Flails | 4 5 6 7 9 11 13 15 16 17 18 | 18.9
Fighting       | 4 5 6 8 9 11 13 14 15 17 18 | 18.4
Dodging        | 3 4 5 8 9 10 11 12 13 14 15 | 15.6
Stealth        | 1 2 3 4 5 |  5.4
Long Blades    | 1 |  1.4
Throwing       | 1 2 3 4 |  4.2
Short Blades   | 1 |  1.2
Staves         | 3 |  3.4
Bows           | 1 3 |  3.1
Armour         | |  2.7
Evocations     | |  0.3

Action                   |  1- 3 |  4- 6 |  7- 9 | 10-12 | 13-15 || total
-------------------------+-------+-------+-------+-------+-------++-------
Melee: Mace              |    79 |   137 |    96 |       |       ||   312
       Headbutt          |    10 |    18 |    68 |   151 |   297 ||   544
       Falchion          |       |       |    51 |       |       ||    51
       Short sword       |       |       |    61 |       |       ||    61
       Dire flail        |       |       |   107 |   123 |       ||   230
       Great mace        |       |       |       |   287 |       ||   287
       Flail             |       |       |       |    99 |  1020 ||  1119
       Lajatang          |       |       |       |     9 |    73 ||    82
 Fire: Longbow           |       |       |       |       |    44 ||    44
Throw: Stone             |    18 |       |    25 |     4 |       ||    47
       Tomahawk          |       |       |     7 |    30 |    27 ||    64
Invok: Berserk           |       |     2 |     6 |    27 |    35 ||    70
       Trog's Hand       |       |     1 |       |       |    10 ||    11
       Burn Spellbooks   |       |       |     1 |       |     2 ||     3
       Brothers in Arms  |       |       |       |     1 |     5 ||     6
 Abil: Evoke Flight      |       |       |       |       |     1 ||     1
  Use: Scroll            |       |       |     8 |    10 |     8 ||    26
       Potion            |       |       |       |       |     2 ||     2
 Stab: Sleeping          |     2 |     1 |     7 |     5 |     7 ||    22
       Distracted        |       |       |       |       |     2 ||     2
       Confused          |       |       |       |       |     3 ||     3
  Eat: Chunk             |     2 |     7 |    18 |    41 |    46 ||   114
       Beef jerky        |       |       |       |     1 |       ||     1
       Fruit             |       |       |       |       |     2 ||     2
       Meat ration       |       |       |       |       |     5 ||     5
Armor: Animal skin       |     9 |    22 |       |       |       ||    31
       Robe              |       |       |    44 |    42 |    91 ||   177
Dodge: Dodged            |    45 |    70 |   231 |   351 |   779 ||  1476
Block: Other             |       |       |    24 |    47 |   101 ||   172
       Reflection        |       |       |     2 |       |       ||     2
